 Dungeon Crawl Stone Soup version 0.30-a0-618-gd6c86c23d0 (webtiles) character file.

Game seed: 14257168521297977559

639 acebull12 the Chopper (level 7, -2/88 HPs)
             Began as a Hill Orc Cinder Acolyte on Jan 9, 2023.
             Was a High Priest of Ignis.
             Killed from afar by an electric eel (6 damage)
             ... with a bolt of electricity
             ... on level 6 of the Dungeon.
             The game lasted 00:08:02 (3063 turns).

acebull12 the Chopper (Hill Orc Cinder Acolyte)     Turns: 3063, Time: 00:08:02

Health: -2/88      AC: 12    Str: 19    XL:     7   Next: 51%
Magic:  11/11      EV: 10    Int: 14    God:    Ignis [*****.]
Gold:   201        SH:  0    Dex:  6    Spells: 10/12 levels left

rFire   + . .      SeeInvis .    a - -1 hand axe (flame)
rCold   + . .      Faith    .    m - orb {*Rage}
rNeg    . . .      Spirit   .    d - +2 ring mail {rC+}
rPois   .          Reflect  .    p - +0 helmet
rElec   .          Harm     .    (no cloak)
rCorr   .          Rampage  .    r - +1 pair of gloves
Will    .....      Rage     20%  n - +0 pair of boots Stlth
                                 (no amulet)
HPRegen 0.34/turn                (no ring)
MPRegen 0.12/turn                (no ring)

@: berserking, very quick
A: no striking features
a: Renounce Religion, Fiery Armour, Foxfire Swarm, Rising Flame


You were on level 6 of the Dungeon.
You worshipped Ignis.
Ignis was extremely pleased with you.
You visited 2 branches of the dungeon, and saw 5 of its levels.

You collected 201 gold pieces.

Inventory:

Hand Weapons
 a - a -1 hand axe of flaming (weapon)
Armour
 d - a +2 ring mail of cold resistance (worn)
 m - an orb of wrath (worn)
 n - a +0 pair of boots (worn)
 p - a +0 helmet (worn)
 r - a +1 pair of gloves (worn)
Wands
 k - a wand of polymorph (5)
Scrolls
 c - a scroll of blinking {unknown}
 e - a scroll of noise {unknown}
 g - a scroll of amnesia {unknown}
 i - 2 scrolls of enchant weapon {unknown}
 j - 2 scrolls of teleportation {unknown}
 l - a scroll of identify {unknown}
 q - a scroll of poison {unknown}
Potions
 b - a potion of curing {unknown}
 f - a potion of heal wounds {unknown}
 h - 3 potions of mutation {unknown}
 o - a potion of might {unknown}


   Skills:
 + Level 4.2 Fighting
 + Level 5.7 Axes
 + Level 2.9 Armour
 + Level 1.0 Dodging
 + Level 0.4 Stealth
 * Level 3.3 Spellcasting
 * Level 5.6 Fire Magic


You had 10 spell levels left.
You knew the following spells:

 Your Spells              Type           Power      Damage    Failure   Level
a - Scorch                Fire           36%        2d6       5%          2

Your spell library contained the following spells:

 Spells                   Type           Power      Damage    Failure   Level
 Inner Flame              Hex/Fire       10%        N/A       32%         3
 Ensorcelled Hibernation  Hex/Ice        4%         N/A       47%         2
 Passwall                 Tmut/Erth      1%         N/A       47%         2
 Swiftness                Air            2%         N/A       71%         3
 Flame Wave               Conj/Fire      10%        2d6       73%         4
 Sticky Flame             Conj/Fire      10%        2d3       73%         4


Dungeon Overview and Level Annotations

Branches:
Dungeon (6/15)             Temple (1/1) D:6

Altars:
Ashenzari
Cheibriados
Dithmenos
Fedhas
Nemelex Xobeh
Qazlal
Sif Muna
Trog
Uskayaw
Vehumet
Wu Jian
Xom
Yredelemnul
Zin
The Shining One

Shops:
D:6 [*


Message History

A nearby plant withers and dies.
You start resting.
An electric eel is nearby!
You start resting.
HP restored.
Found a stone staircase leading down.
The electric eel shoots out a bolt of lightning at you!
The bolt of electricity hits you! x2
The bolt of electricity hits the electric eel.
The electric eel completely resists.
You see here 8 stones.
The electric eel shoots out a bolt of lightning at you!
The bolt of electricity misses you. The bolt of electricity hits you!
The bolt of electricity hits the electric eel.
The electric eel completely resists.
You hit the electric eel. You burn the electric eel.
The electric eel is moderately wounded.
The electric eel shoots out a bolt of lightning at you!
The bolt of electricity hits you. The bolt of electricity hits you!
* * * LOW HITPOINT WARNING * * *
The bolt of electricity hits the electric eel.
The electric eel completely resists.
You closely miss the electric eel.
The electric eel is moderately wounded.
A red film seems to cover your vision as you go berserk!
You feel yourself moving faster!
You feel mighty!
You barely miss the electric eel.
The electric eel is moderately wounded.
The electric eel shoots out a bolt of lightning at you!
The bolt of electricity hits you!
* * * LOW HITPOINT WARNING * * *
The bolt of electricity hits you but does no damage.
The bolt of electricity hits the electric eel.
The electric eel completely resists.
You barely miss the electric eel.
The electric eel is moderately wounded.
The electric eel shoots out a bolt of lightning at you!
The bolt of electricity hits you.
* * * LOW HITPOINT WARNING * * *
The bolt of electricity hits you.
You die...

...........#..#...~~≈≈..##....#..
...................≈≈≈...........
...........#..#..~.≈≈≈~..#....##.
.....##.#..#..#...~≈≈≈~.##....##.
..............#...~≈≈P~.##...####
..................~≈≈~P......#
..##.##...P##.#...≈≈≈P~..#...####
.......##.##......≈≈≈P...#...##.#
.###.#P#...#P.#(@S~≈P.~......##.#
#.....>........~≈~~...#...##.#
....P#...#..#...P≈~~..##...##.#
#######.###.#..~~≈~...##...##.#
.P.P #.#..~~~~P..##...##.. #.#..
#.#...≈~~...........#
#.#.###.#.~~P~≈...##...#.#.
........#..P~≈≈~~. #....#..
...#.###...~~≈≈≈≈ #...#..#


You could see an electric eel.

Vanquished Creatures
  Sigmund (D:2)
  A water moccasin (D:6)
  A centaur (D:6)
  A bullfrog (D:6)
  A scorpion (D:6)
  A hound (D:6)
  Terence (D:2)
  An orc wizard (D:6)
  4 adders
  A shadow imp (D:6)
  A worm (D:2)
  4 orcs
  6 ball pythons
  3 endoplasms
  4 giant cockroaches
  3 goblins
  2 kobolds
  A quokka (D:2)
  9 bats
  6 frilled lizards
  5 rats
57 creatures vanquished.

Vanquished Creatures (others)
  23 foxfires (D:2)
  2 plants (D:6)
25 creatures vanquished.

Grand Total: 82 creatures vanquished

Notes
Turn   | Place    | Note
-------+----------+-------------------------------------------
     0 | D:1      | acebull12 the Hill Orc Cinder Acolyte began the quest for
                  | the Orb.
     0 | D:1      | Reached XP level 1. HP: 19/19 MP: 2/2
   303 | D:1      | Reached XP level 2. HP: 26/26 MP: 3/3
   306 | D:1      | Learned a level 2 spell: Scorch
  1144 | D:2      | Reached XP level 3. HP: 31/33 MP: 4/4
  1170 | D:2      | Noticed Terence
  1183 | D:2      | Killed Terence
  1184 | D:2      | Reached skill level 1 in Armour
  1275 | D:2      | Reached XP level 4. HP: 40/40 MP: 1/6
  1610 | D:2      | Noticed Sigmund
  1623 | D:2      | Killed Sigmund
  1624 | D:2      | Reached skill level 5 in Axes
  1624 | D:2      | Reached XP level 5. HP: 40/46 MP: 6/8
  1624 | D:2      | Reached XP level 6. HP: 45/52 MP: 6/9
  2026 | D:3      | Found a glowing silver altar of Zin.
  2144 | D:3      | You fall into a shaft and drop 3 floors!
  2145 | D:6      | Found a bloodstained altar of Trog.
  2580 | D:6      | Found Xucweipt's CLEARANCE SALE!.
  2633 | D:6      | Reached skill level 5 in Fire Magic
  2767 | D:6      | Reached XP level 7. HP: 59/59 MP: 11/11
  2808 | D:6      | Found Xaepotuk's Armour Boutique.
  2879 | D:6      | Found a staircase to the Ecumenical Temple.
  2889 | D:6      | Reached skill level 1 in Dodging
  2948 | Temple   | Entered the Ecumenical Temple
  2948 | Temple   | Found a transporter.
  2948 | Temple   | Found a transporter.
  2950 | Temple   | Found a transporter.
  2950 | Temple   | Found a transporter.
  3063 | D:6      | HP: 4/88 [electric eel/bolt of electricity (6)]
  3063 | D:6      | Killed from afar by an electric eel

Illustrated notes

Levels and vault maps discovered:
D:1:      giann_horns, layout_basic, wander_ebering_terrifying_dragon_lair
D:2:      layout_basic, uniq_terence, uniq_sigmund
D:3:      layout_basic, pdpol_temple_overflow_zin_treasury_gozag_greed,
          minmay_misc_feat_doors
D:6:      layout_basic, old_standard_altar, minmay_temple_entry_gardened_gates,
          serial_shops, shop, hangedman_abyss_or_decor_jellyfish_corner,
          chequers_big_river, nicolae_shop_clearance
Temple:   hellmonk_temple_divided_pantheon

Skill      XL: |  1  2  3  4  5  6  7 |
---------------+----------------------+-----
Armour         | 1 2 |  2.9
Fire Magic     | 4 5 |  5.6
Fighting       | 4 |  4.2
Axes           | 5 |  5.7
Spellcasting   | 2 3 |  3.3
Dodging        | 1 |  1.0
Stealth        | |  0.4

Action                   |  1- 3 |  4- 6 |  7- 9 || total
-------------------------+-------+-------+-------++-------
Melee: Hand axe          |    84 |    69 |    18 ||   171
       Punch             |     1 |       |       ||     1
 Cast: Scorch            |     4 |    15 |     3 ||    22
Invok: Foxfire Swarm     |       |     1 |       ||     1
Armor: Ring mail         |    45 |    45 |    12 ||   102
Dodge: Dodged            |    54 |    41 |    11 ||   106

Table legend: (Time is in decaauts)
 A = Elapsed time spent in this place.
 B = Non-inter-level travel time spent in this place.
 C = Inter-level travel time spent in this place.
 D = Time resting spent in this place.
 E = Time spent auto-exploring this place.
 F = Levels seen in this place.
 G = Mean time per level.
                   A        B        C        D        E       F      G
               +--------+--------+--------+--------+--------+-----+--------+
         Total |   3106 |   2849 |    257 |    505 |   1616 |   5 |  621.2 |
       Dungeon |   3072 |   2824 |    248 |    505 |   1609 |   4 |  768.0 |
        Temple |     33 |     24 |      9 |      0 |      7 |   1 |   33.0 |
               +--------+--------+--------+--------+--------+-----+--------+

Top non-repeatable levels by time:
     D:1: 1100 daAuts
     D:6: 919 daAuts
     D:2: 794 daAuts
     D:3: 258 daAuts
  Temple: 33 daAuts
